 Dungeon Crawl Stone Soup version 0.28.0-53-g5a82cb258f (webtiles) character file.

Game seed: 14664518474908092264

532 Peloso the Slasher (level 7, -1/61 HPs)
             Began as a Minotaur Fighter on July 18, 2022.
             Slain by an ogre
             ... wielding a +0 giant club
              (18 damage)
             ... on level 4 of the Dungeon.
             The game lasted 00:05:00 (3338 turns).

Peloso the Slasher (Minotaur Fighter)               Turns: 3338, Time: 00:05:00

Health: -1/61      AC:  9    Str: 26    XL:     7   Next: 3%
Magic:  6/6        EV:  8    Int:  5    God:
Gold:   104        SH:  5    Dex: 12    Spells: 6/6 levels left

rFire   . . .      SeeInvis .   a - +1 long sword
rCold   . . .      Faith    .   c - +0 buckler
rNeg    . . .      Spirit   .   j - +0 chain mail
rPois   .          Reflect  .   (helmet restricted)
rElec   .          Harm     .   (no cloak)
rCorr   .          Rampage  .   (no gloves)
Will    .....                   (no boots)
Stlth   ..........              (no amulet)
HPRegen 0.20/turn               h - +6 ring of strength
MPRegen 0.10/turn               (no ring)

@: no status effects
A: horns 2, retaliatory headbutt
a: no special abilities


You were on level 4 of the Dungeon.
You visited 1 branch of the dungeon, and saw 4 of its levels.

You collected 104 gold pieces.

Inventory:

Hand Weapons
 a - a +1 long sword (weapon)
Armour
 b - a +0 scale mail
 c - a +0 buckler (worn)
 j - a +0 chain mail (worn)
 s - the +2 ring mail "Booba" {Rampage Drain rElec rC++}
   (You found it on level 4 of the Dungeon)

   rC:        It greatly protects you from cold.
   rElec:     It insulates you from electricity.
   Drain:     It drains your maximum health when unequipped.
   Rampage:   It bestows one free step when moving towards enemies.
Jewellery
 e - a ring of see invisible
 h - a +6 ring of strength (left hand)
Wands
 m - a wand of paralysis (7)
 q - a wand of iceblast (7)
Scrolls
 g - a scroll of acquirement
 i - a scroll of enchant armour {unknown}
 t - a scroll of silence {unknown}
 u - a scroll of fog {unknown}
Potions
 d - 2 potions of might
 f - a potion of invisibility {unknown}
 k - a potion of curing
 l - a potion of heal wounds {unknown}
 n - 3 potions of degeneration {unknown}
 o - a potion of haste {unknown}
 p - a potion of lignification {unknown}
 r - a potion of flight {unknown}


   Skills:
 + Level 5.0 Fighting
 + Level 6.4 Long Blades
 + Level 5.3 Armour
 + Level 1.2 Dodging
 + Level 0.6 Stealth
 + Level 4.9 Shields
 + Level 0.2 Evocations


You had 6 spell levels left.
You didn't know any spells.
Your spell library contained the following spells:

 Spells                   Type           Power      Damage    Failure   Level
 Animate Skeleton         Necr           0%         N/A       99%         1
 Pain                     Necr           0%         1d4       99%         1
 Slow                     Hex            0%         N/A       99%         1
 Confusing Touch          Hex            0%         N/A       100%        3
 Portal Projectile        Hex/Tloc       0%         N/A       100%        3
 Vampiric Draining        Necr           0%         2d6       100%        3
 Blade Hands              Tmut           0%         N/A       100%        5
 Excruciating Wounds      Necr           0%         N/A       100%        5


Dungeon Overview and Level Annotations

Branches:
Dungeon (4/15)
 Temple: D:4-7

Altars:
Nemelex Xobeh
Xom
Beogh

Shops:
D:2 ?


Innate Abilities, Weirdness & Mutations

You have a pair of horns on your head.
You reflexively headbutt those who attack you in melee.


Message History

The phantom closely misses you.
You closely miss the phantom.
You headbutt the phantom, but do no damage.
The phantom is heavily damaged.
The phantom hits you but does no damage.
You hit the phantom. You headbutt the phantom.
The phantom is severely damaged.
The phantom hits you but does no damage.
You closely miss the phantom. You headbutt the phantom!
You destroy the phantom!
Your Fighting skill increases to level 5!
You have reached level 7!
You now have 104 gold pieces (gained 13).
t - a scroll labelled YSHUOVIECOOP
Things that are here:
a +0 whip; an orc corpse
m - a wand of paralysis (7) (gained 4 charges)
Things that are here:
a +0 short sword; an orc corpse
Things that are here:
a +0 dagger; a +0 robe; an orc corpse
u - a scroll labelled POJ NU NABEIHA
Found a stone staircase leading up.
Found a stone staircase leading down.
An ogre and a jelly come into view.
Found a war axe.
The ogre shouts!
There is a stone staircase leading down here.
The ogre closely misses you.
You slash the ogre!
The ogre is moderately wounded.
The ogre hits you with a +0 giant club!!
You slash the ogre!
The ogre is almost dead.
The ogre hits you with a +0 giant club!!
* * * LOW HITPOINT WARNING * * *
You completely miss the ogre.
The ogre is almost dead.
The ogre hits you with a +0 giant club!!
You die...

.....#
#######..#.......<..#
.. .....#
#........###........#
.....# #.######.#
#......... ....## #.#
#......... ...... #.#
##.#####.. ##.####
#.###..# . .#
#.#...## ..
..#.###.#>#####. .
......O@.J.......
##).#####..####.#
.....# #.##.... #.#
.##. ..# . ### ..


You could see an ogre and a jelly.

Vanquished Creatures
  2 phantoms (D:4)
  A vampire bat (D:3)
  A jelly (D:3)
  2 hounds (D:4)
  Ijyb (D:3)
  An orc wizard (D:4)
  A gnoll (D:1)
  3 adders
  2 worms
  4 dart slugs
  3 fire bats (D:3)
  8 orcs
  2 spectral bats (D:3)
  8 ball pythons
  3 bat skeletons (D:3)
  A bat zombie (D:3)
  3 endoplasms (D:2)
  3 giant cockroaches
  5 goblins
  6 hobgoblins
  2 quokkas (D:1)
  13 bats
  A bat simulacrum (D:3)
  2 frilled lizards
  7 kobolds
  A rat (D:1)
86 creatures vanquished.

Notes
Turn   | Place    | Note
-------+----------+-------------------------------------------
     0 | D:1      | Peloso the Minotaur Fighter began the quest for the Orb.
     0 | D:1      | Reached XP level 1. HP: 19/19 MP: 0/0
   237 | D:1      | Reached XP level 2. HP: 27/27 MP: 1/1
   785 | D:1      | Reached XP level 3. HP: 32/33 MP: 2/2
   888 | D:1      | Identified a scroll of acquirement
   948 | D:2      | Found Hoedufe's Magic Scroll Emporium.
   956 | D:2      | Reached skill level 3 in Long Blades
  1117 | D:2      | Found a sparkling altar of Nemelex Xobeh.
  1655 | D:2      | Reached XP level 4. HP: 40/40 MP: 3/3
  1979 | D:2      | Found a faded altar of an unknown god.
  2115 | D:3      | Reached skill level 4 in Long Blades
  2252 | D:3      | Found a shimmering altar of Xom.
  2470 | D:3      | Reached XP level 5. HP: 46/47 MP: 4/4
  2565 | D:3      | Reached skill level 5 in Long Blades
  2568 | D:3      | Reached skill level 1 in Dodging
  2846 | D:3      | Noticed Ijyb
  2851 | D:3      | Killed Ijyb
  2852 | D:3      | Reached XP level 6. HP: 48/53 MP: 5/5
  3009 | D:4      | Identified the +2 ring mail "Booba" {Rampage Drain rElec
                  | rC++}
  3116 | D:4      | Reached skill level 6 in Long Blades
  3198 | D:4      | Reached skill level 5 in Armour
  3216 | D:4      | Reached skill level 5 in Fighting
  3216 | D:4      | Reached XP level 7. HP: 45/61 MP: 6/6
  3338 | D:4      | Slain by an ogre

Illustrated notes

Levels and vault maps discovered:
D:1:      scummos_arrival_hexagon, layout_basic
D:2:      layout_basic, hellmonk_ecumenical_altar_defaced_shrine, serial_shops,
          shop, basic_altar
D:3:      layout_loops_corners, old_standard_altar, goddamned_bats, uniq_ijyb
D:4:      layout_rooms, mainiacjoe_overflow_small_starburst, lemuel_tele_altar,
          serial_shops, shop_fountains, serial_rivers,
          chequers_serial_rivers_room_b, chequers_serial_rivers_micro_e,
          chequers_serial_rivers_room_b, chequers_serial_rivers_room_b,
          chequers_serial_rivers_marsh

Skill      XL: |  1  2  3  4  5  6 |
---------------+-------------------+-----
Shields        | 4 |  4.9
Armour         | 4 5 |  5.3
Fighting       | 4 5 |  5.0
Long Blades    | 3 4 5 6 |  6.4
Dodging        | 1 |  1.2
Stealth        | |  0.6
Evocations     | |  0.2

Action                   |  1- 3 |  4- 6 |  7- 9 || total
-------------------------+-------+-------+-------++-------
Melee: Long sword        |    81 |   108 |     3 ||   192
       Headbutt          |     6 |    21 |       ||    27
Evoke: Wand              |       |     3 |       ||     3
  Use: Scroll            |     3 |     1 |       ||     4
Armor: Scale mail        |    29 |    11 |       ||    40
       Chain mail        |       |    76 |       ||    76
Dodge: Dodged            |    39 |    56 |     1 ||    96
Block: Buckler           |    19 |    39 |       ||    58
